Rangers vs Lightning
Created - March 1, 2021 at 19:12
Goals
|
| Rangers |
1 |
3 |
0 |
4 |
| Lightning |
2 |
2 |
1 |
5 |
|
Shots
|
| Rangers |
5 |
14 |
7 |
26 |
| Lightning |
7 |
10 |
9 |
26 |
|
1st period
1. Lightning , Shayne Gostisbehere 7 (Jon Merrill 25, Philipp Grubauer) at 14:45
2. Rangers , Tomas Hertl 13 (Rostislav Olesz 17, Devante Smith-Pelly 9) at 15:44
3. Lightning , Mark Scheifele 26 (Sam Gagner 18) at 16:15 (PP)
Penalties :
Andrei Kostitsyn (NYR) for Roughing (Minor) at 5:56, Milan Lucic (NYR) for Roughing (Minor) at 16:07, Justin Schultz (TB.) for High sticking (Minor) at 16:28
2nd period
4. Lightning , Niclas Bergfors 16 (Jean-Gabriel Pageau 23, Henrik Zetterberg 24) at 7:19
5. Rangers , Patrice Bergeron 25 (Milan Lucic 41) at 8:29 (PP)
6. Lightning , Rickard Rakell 13 (Mark Scheifele 47) at 8:39
7. Rangers , Milan Lucic 29 (Ryan Strome 7, Dmitry Kulikov 9) at 8:53
8. Rangers , Sean Couturier 19 (Milan Lucic 42) at 10:21
Penalties :
Andrei Kostitsyn (NYR) for Hooking (Minor) at 0:25, Rickard Rakell (TB.) for Interference (Minor) at 0:26, Jamie McBain (TB.) for Boarding (Minor) at 8:25, Mark Scheifele (TB.) for Hooking (Minor) at 10:32, Kyle Okposo (NYR) for Hooking (Minor) at 14:07
3rd period
9. Lightning , Mark Scheifele 27 (Sam Gagner 19, Jamie McBain 52) at 9:34
Penalties :
Milan Lucic (NYR) for Hooking (Minor) at 1:23, Shayne Gostisbehere (TB.) for Holding (Minor) at 12:48
Goalie Stats
Mike Condon (NYR), 12 saves from 13 shots - (0.923), L, 1-6-0, 30:15 minutes
Frederik Andersen (NYR), 9 saves from 13 shots - (0.692), 28:39 minutes
Philipp Grubauer (TB.), 22 saves from 26 shots - (0.846), W, 25-19-4, 60:00 minutes
Players Stats for Rangers
Player Name G A P +/- PIM S H SB GA TA FO MP PP MP PK MP
------------------------------------------------------------------------------------
Andrei Kostitsyn 0 0 0 0 4 1 0 1 0 0 0/0 16:19 2:56 0:45
Cam Barker 0 0 0 -1 0 1 1 1 1 1 0/0 22:22 2:40 3:42
Chris Bourque 0 0 0 -1 0 1 0 0 0 0 0/0 10:03 0:00 3:14
Devante Smith-Pelly 0 1 1 1 0 0 0 1 1 1 0/0 10:22 0:00 0:00
Dmitry Kulikov 0 1 1 0 0 0 2 1 0 1 0/0 21:08 1:25 0:00
Kyle Okposo 0 0 0 0 2 0 1 0 0 0 0/1 14:48 2:55 0:00
Luke Schenn 0 0 0 0 0 0 0 0 1 0 0/0 26:32 2:39 2:24
Mark Fistric 0 0 0 -1 0 0 0 3 2 0 0/0 17:24 0:43 2:24
Matt Delahey 0 0 0 0 0 0 0 0 0 0 0/0 11:29 0:00 0:00
Maxime Sauvé 0 0 0 -1 0 0 1 0 1 0 6/11 10:03 0:00 3:14
Milan Lucic 1 2 3 -1 4 2 1 0 2 0 3/3 20:52 3:07 0:00
Patrice Bergeron 1 0 1 0 0 7 1 0 1 1 4/10 18:54 3:07 0:00
Patrik Nemeth 0 0 0 0 0 0 1 1 0 0 0/0 16:41 0:43 3:42
Rostislav Olesz 0 1 1 1 0 5 2 0 0 1 0/0 10:47 0:00 0:24
Ryan Strome 0 1 1 -1 0 1 2 0 0 0 1/2 18:28 3:06 0:00
Sean Couturier 1 0 1 -1 0 3 2 0 0 0 14/24 21:32 2:55 2:34
Steve Quailer 0 0 0 -1 0 1 2 0 0 0 0/0 9:16 0:00 1:43
Tomas Hertl 1 0 1 1 0 4 3 0 0 0 3/4 14:51 3:54 0:18
Players Stats for Lightning
Player Name G A P +/- PIM S H SB GA TA FO MP PP MP PK MP
------------------------------------------------------------------------------------
Alexander Wennberg 0 0 0 -1 0 1 2 0 0 1 4/6 13:24 2:56 0:00
Ben Lovejoy 0 0 0 0 0 0 1 0 0 1 0/0 14:48 0:00 2:40
Bobby Ryan 0 0 0 -1 0 1 3 0 0 0 0/1 15:28 0:00 2:06
Brock McGinn 0 0 0 -1 0 0 2 0 0 0 0/0 12:42 2:56 0:00
Chris Higgins 0 0 0 0 0 0 1 0 0 0 0/0 8:57 0:00 1:51
Henrik Zetterberg 0 1 1 2 0 0 2 1 0 0 0/1 15:51 0:00 3:01
Jamie McBain 0 1 1 1 2 5 2 2 1 2 0/0 28:13 3:50 3:37
Jean-Gabriel Pageau 0 1 1 2 0 1 1 0 0 1 2/10 15:06 0:00 2:21
Jesper Fast 0 0 0 0 0 0 1 1 0 0 0/0 7:05 0:00 0:00
Jon Merrill 0 1 1 0 0 1 1 2 0 1 0/0 18:44 0:00 2:21
Joni Pitkanen 0 0 0 0 0 0 0 0 0 0 0/0 14:51 2:16 1:03
Justin Schultz 0 0 0 1 2 2 0 0 1 0 0/0 23:18 2:16 2:23
Mark Scheifele 2 1 3 0 2 7 1 0 0 1 16/31 22:38 3:10 2:02
Niclas Bergfors 1 0 1 2 0 4 1 0 0 0 0/0 15:32 2:56 0:00
Rickard Rakell 1 0 1 0 2 3 2 2 0 0 2/4 19:35 3:09 0:00
Sam Gagner 0 2 2 0 0 0 0 0 2 2 0/1 18:34 3:10 0:17
Shayne Gostisbehere 1 0 1 0 2 1 0 0 1 0 0/0 20:04 3:50 0:00
Stephen Weiss 0 0 0 0 0 0 0 0 0 0 0/1 7:05 0:00 0:26
3 Stars
1 - Mark Scheifele (TB.)
2 - Niclas Bergfors (TB.)
3 - Tomas Hertl (NYR)
Power Play
Rangers - 1 on 5 Attempt(s) - 20.00%
Lightning - 1 on 5 Attempt(s) - 20.00%
Penalty Kill
Rangers - 4 on 5 Attempt(s) - 80.00%
- Score 0 goal in Penalty Kill
Lightning - 4 on 5 Attempt(s) - 80.00%
- Score 0 goal in Penalty Kill
Team Stat
Rangers - Hits : 19 - Faceoff Wins : 31 - Blocked Shots : 8 - Penalty Minutes : 10
Lightning - Hits : 20 - Faceoff Wins : 24 - Blocked Shots : 8 - Penalty Minutes : 10
Official
Referees : Unknown
Linesman : Unknown
Game Notes
3:10 of 2nd period - Rangers goal is going for a video replay. After video review, No Goal. The puck has entered the net after making contact with an attacking player’s stick that is above the height of the crossbar.
Mike Condon enters game at 8:39 of 2nd period
Finance
Level 1 -- Attendance: 4631 (77.18%) -- Ticket Income $532,565
Level 2 -- Attendance: 4841 (96.82%) -- Ticket Income $309,824
Level 3 -- Attendance: 1661 (83.05%) -- Ticket Income $73,084
Level 4 -- Attendance: 2532 (63.30%) -- Ticket Income $101,280
Luxury Box -- Attendance: 658 (65.80%) -- Ticket Income $141,470
Game was played at the Tampa Bay Stadium.
Total Attendance: 14323 (79.57%)
Total Ticket Income: $1,158,223
Other Income: $173,733
Total Income: $1,331,956
Rangers
5 vs 5 Forward
Center Left Wing Right Wing Time % Phy DF OF
1 Sean Couturier Milan Lucic Ryan Strome 40 1 2 2
2 Patrice Bergeron Andrei Kostitsyn Kyle Okposo 30 1 2 2
3 Tomas Hertl Rostislav Olesz Devante Smith-Pelly 20 1 2 2
4 Maxime Sauvé Chris Bourque Steve Quailer 10 1 2 2
5 vs 5 Defense
Defense Defense Time % Phy DF OF
1 Luke Schenn Dmitry Kulikov 40 1 2 2
2 Cam Barker Mark Fistric 30 1 2 2
3 Patrik Nemeth Matt Delahey 20 1 2 2
4 Luke Schenn Cam Barker 10 1 2 2
PowerPlay Forward
Center Left Wing Right Wing Time % Phy DF OF
1 Patrice Bergeron Milan Lucic Ryan Strome 60 1 2 2
2 Sean Couturier Andrei Kostitsyn Kyle Okposo 40 1 2 2
PowerPlay Defense
Defense Defense Time % Phy DF OF
1 Luke Schenn Tomas Hertl 60 1 2 2
2 Cam Barker Dmitry Kulikov 40 1 2 2
Penalty Kill 4 Players Forward
Center Wing Time % Phy DF OF
1 Maxime Sauvé Chris Bourque 60 1 2 2
2 Sean Couturier Steve Quailer 40 1 2 2
Penalty Kill 4 Players Defense
Defense Defense Time % Phy DF OF
1 Cam Barker Patrik Nemeth 60 1 2 2
2 Luke Schenn Mark Fistric 40 1 2 2
Penalty Kill - 3 Players Forward
Forward Time % Phy DF OF
1 Maxime Sauvé 60 1 2 2
2 Sean Couturier 40 1 2 2
Penalty Kill - 3 Players Defense
Defense Defense Time % Phy DF OF
1 Cam Barker Patrik Nemeth 60 1 2 2
2 Luke Schenn Mark Fistric 40 1 2 2
4 vs 4 Forward
Center Wing Time % Phy DF OF
1 Tomas Hertl Ryan Strome 60 1 2 2
2 Patrice Bergeron Milan Lucic 40 1 2 2
4 vs 4 Defense
Defense Defense Time % Phy DF OF
1 Luke Schenn Dmitry Kulikov 60 1 2 2
2 Cam Barker Mark Fistric 40 1 2 2
Last Minutes Offensive
Center Left Wing Right Wing Defense Defense
Milan Lucic Patrice Bergeron Sean Couturier Mark Fistric Dmitry Kulikov
Last Minutes Defensive
Center Left Wing Right Wing Defense Defense
Milan Lucic Patrice Bergeron Sean Couturier Mark Fistric Dmitry Kulikov
Goaltenders
Starting : Frederik Andersen
Backup : Mike Condon
Extra Forwards
Normal : Milan Lucic, Patrice Bergeron, Sean Couturier - PP : Milan Lucic, Patrice Bergeron - PK : Sean Couturier
Extra Defensemen
Normal : Cam Barker, Mark Fistric, Luke Schenn - PP : Cam Barker - PK : Mark Fistric, Luke Schenn
Penalty Shots
Milan Lucic, Patrice Bergeron, Sean Couturier, Tomas Hertl, Maxime Sauvé
Scratches
Magnus Paajarvi (Healthy)
Lightning
5 vs 5 Forward
Center Left Wing Right Wing Time % Phy DF OF
1 Mark Scheifele Sam Gagner Rickard Rakell 40 0 2 3
2 Jean-Gabriel Pageau Henrik Zetterberg Niclas Bergfors 30 1 2 2
3 Alexander Wennberg Brock McGinn Bobby Ryan 25 1 1 3
4 Stephen Weiss Chris Higgins Jesper Fast 5 1 2 2
5 vs 5 Defense
Defense Defense Time % Phy DF OF
1 Jamie McBain Justin Schultz 40 1 2 2
2 Jon Merrill Shayne Gostisbehere 35 1 2 2
3 Joni Pitkanen Ben Lovejoy 20 1 2 2
4 Jamie McBain Shayne Gostisbehere 5 1 2 2
PowerPlay Forward
Center Left Wing Right Wing Time % Phy DF OF
1 Mark Scheifele Sam Gagner Rickard Rakell 60 1 0 4
2 Alexander Wennberg Brock McGinn Niclas Bergfors 40 1 0 4
PowerPlay Defense
Defense Defense Time % Phy DF OF
1 Jamie McBain Shayne Gostisbehere 60 1 1 3
2 Joni Pitkanen Justin Schultz 40 1 1 3
Penalty Kill 4 Players Forward
Center Wing Time % Phy DF OF
1 Mark Scheifele Henrik Zetterberg 60 1 2 2
2 Jean-Gabriel Pageau Bobby Ryan 40 1 2 2
Penalty Kill 4 Players Defense
Defense Defense Time % Phy DF OF
1 Jamie McBain Justin Schultz 60 1 2 2
2 Jon Merrill Ben Lovejoy 40 1 2 2
Penalty Kill - 3 Players Forward
Forward Time % Phy DF OF
1 Mark Scheifele 60 1 2 2
2 Jean-Gabriel Pageau 40 1 2 2
Penalty Kill - 3 Players Defense
Defense Defense Time % Phy DF OF
1 Jamie McBain Justin Schultz 60 1 2 2
2 Jon Merrill Joni Pitkanen 40 1 2 2
4 vs 4 Forward
Center Wing Time % Phy DF OF
1 Mark Scheifele Bobby Ryan 60 1 2 2
2 Alexander Wennberg Niclas Bergfors 40 1 2 2
4 vs 4 Defense
Defense Defense Time % Phy DF OF
1 Jamie McBain Justin Schultz 60 1 2 2
2 Jon Merrill Shayne Gostisbehere 40 1 2 2
Last Minutes Offensive
Center Left Wing Right Wing Defense Defense
Mark Scheifele Sam Gagner Rickard Rakell Jamie McBain Shayne Gostisbehere
Last Minutes Defensive
Center Left Wing Right Wing Defense Defense
Jean-Gabriel Pageau Henrik Zetterberg Bobby Ryan Jamie McBain Jon Merrill
Goaltenders
Starting : Philipp Grubauer
Backup : Jhonas Enroth
Extra Forwards
Normal : Bobby Ryan, Jesper Fast, Sam Gagner - PP : Stephen Weiss, Bobby Ryan - PK : Bobby Ryan
Extra Defensemen
Normal : Jon Merrill, Joni Pitkanen, Justin Schultz - PP : Justin Schultz - PK : Joni Pitkanen, Jamie McBain
Penalty Shots
Mark Scheifele, Bobby Ryan, Niclas Bergfors, Rickard Rakell, Brock McGinn
Scratches
Clarke MacArthur (Healthy), Jordin Tootoo (Healthy), Brian Flynn (Healthy), Kevin Marshall (Healthy)
% Time on Ice - Rangers
Lines # - Real PCT - Wanted PCT - Time Play
Normal Forward
1 - 32% - 40% - 14:11
2 - 30% - 30% - 13:23
3 - 23% - 20% - 10:22
4 - 15% - 10% - 6:49
Normal Defense
1 - 41% - 40% - 18:33
2 - 30% - 30% - 13:35
3 - 26% - 20% - 11:29
4 - 3% - 10% - 1:08
PP Forward
1 - 51% - 60% - 3:06
2 - 49% - 40% - 2:56
PP Defense
1 - 77% - 60% - 4:38
2 - 23% - 40% - 1:24
PK Forward
1 - 72% - 60% - 4:23
2 - 28% - 40% - 1:43
PK Defense
1 - 61% - 60% - 3:42
2 - 39% - 40% - 2:24
PK3 Forward
1 - 0% - 60%
2 - 0% - 40%
PK3 Defense
1 - 0% - 60%
2 - 0% - 40%
44 Forward
1 - 61% - 60% - 1:12
2 - 39% - 40% - 0:46
44 Defense
1 - 66% - 60% - 1:18
2 - 34% - 40% - 0:40
Last Minute Offensive - 1:09
Last Minute Defensive - 0:00
Total
Forward - 60:00
Defense - 60:00
|
% Time on Ice - Lightning
Lines # - Real PCT - Wanted PCT - Time Play
Normal Forward
1 - 37% - 40% - 16:26
2 - 29% - 30% - 12:50
3 - 20% - 25% - 8:53
4 - 15% - 5% - 6:39
Normal Defense
1 - 38% - 40% - 17:06
2 - 34% - 35% - 15:01
3 - 26% - 20% - 11:30
4 - 3% - 5% - 1:11
PP Forward
1 - 52% - 60% - 3:10
2 - 48% - 40% - 2:56
PP Defense
1 - 63% - 60% - 3:50
2 - 37% - 40% - 2:16
PK Forward
1 - 86% - 60% - 5:13
2 - 14% - 40% - 0:49
PK Defense
1 - 61% - 60% - 3:41
2 - 39% - 40% - 2:21
PK3 Forward
1 - 0% - 60%
2 - 0% - 40%
PK3 Defense
1 - 0% - 60%
2 - 0% - 40%
44 Forward
1 - 64% - 60% - 1:16
2 - 36% - 40% - 0:42
44 Defense
1 - 86% - 60% - 1:41
2 - 14% - 40% - 0:17
Last Minute Offensive - 0:00
Last Minute Defensive - 1:06
Total
Forward - 60:00
Defense - 60:00
|
Play-by-Play
1st period
0:01 of 1st period - Ryan Strome wins face-off versus Mark Scheifele in neutral zone.
0:55 of 1st period - Slapshot by Tomas Hertl.
0:55 of 1st period - Stopped by Philipp Grubauer with a rebound.
1:27 of 1st period - Sam Gagner is hit by Milan Lucic and loses puck.
2:22 of 1st period - Slapshot by Rostislav Olesz.
2:22 of 1st period - Shot Misses the Net.
2:44 of 1st period - Snap shot by Bobby Ryan.
2:44 of 1st period - Shot Blocked by Dmitry Kulikov.
3:43 of 1st period - Kyle Okposo is hit by Ben Lovejoy and loses puck.
4:14 of 1st period - Snap shot by Sean Couturier.
4:14 of 1st period - Shot Misses the Net.
4:16 of 1st period - Wrist shot by Milan Lucic.
4:16 of 1st period - Shot Blocked by Henrik Zetterberg.
4:42 of 1st period - Wrist shot by Niclas Bergfors.
4:42 of 1st period - Shot Misses the Net.
4:44 of 1st period - Slapshot by Jean-Gabriel Pageau.
4:44 of 1st period - Stopped by Frederik Andersen with a rebound.
4:46 of 1st period - Slapshot by Niclas Bergfors.
4:46 of 1st period - Stopped by Frederik Andersen without a rebound.
4:47 of 1st period - Milan Lucic wins face-off versus Alexander Wennberg in Rangers zone.
5:12 of 1st period - Patrice Bergeron is hit by Jon Merrill and loses puck.
5:25 of 1st period - Snap shot by Rickard Rakell.
5:25 of 1st period - Stopped by Frederik Andersen without a rebound.
5:26 of 1st period - Jean-Gabriel Pageau wins face-off versus Sean Couturier in Rangers zone.
5:56 of 1st period - Minor Penalty to Andrei Kostitsyn for Roughing.
5:57 of 1st period - Maxime Sauvé wins face-off versus Mark Scheifele in Rangers zone.
7:56 of 1st period - Penalty to Andrei Kostitsyn is over, Andrei Kostitsyn is back on ice.
9:15 of 1st period - Icing by Justin Schultz.
9:16 of 1st period - Maxime Sauvé wins face-off versus Stephen Weiss in Lightning zone.
9:53 of 1st period - Snap shot by Bobby Ryan.
9:53 of 1st period - Stopped by Frederik Andersen with a rebound.
10:41 of 1st period - Wrist shot by Rickard Rakell.
10:41 of 1st period - Deflect By Sam Gagner.
10:41 of 1st period - Shot Misses the Net.
10:41 of 1st period - Puck is out of play.
10:42 of 1st period - Mark Scheifele wins face-off versus Sean Couturier in Rangers zone.
11:13 of 1st period - Slapshot by Niclas Bergfors.
11:13 of 1st period - Stopped by Frederik Andersen with a rebound.
11:39 of 1st period - Snap shot by Alexander Wennberg.
11:39 of 1st period - Deflect By Luke Schenn.
11:39 of 1st period - Shot Misses the Net.
11:39 of 1st period - Puck is out of play.
11:40 of 1st period - Rickard Rakell wins face-off versus Sean Couturier in Rangers zone.
11:49 of 1st period - Snap shot by Sean Couturier.
11:49 of 1st period - Stopped by Philipp Grubauer without a rebound.
11:50 of 1st period - Rickard Rakell wins face-off versus Sean Couturier in Lightning zone.
12:19 of 1st period - Snap shot by Ryan Strome.
12:19 of 1st period - Shot Misses the Net.
13:08 of 1st period - Snap shot by Ryan Strome.
13:08 of 1st period - Stopped by Philipp Grubauer without a rebound.
13:09 of 1st period - Alexander Wennberg wins face-off versus Patrice Bergeron in Lightning zone.
13:09 of 1st period - Alexander Wennberg is hit by Patrice Bergeron.
14:18 of 1st period - Slapshot by Kyle Okposo.
14:18 of 1st period - Shot Blocked by Jon Merrill.
14:20 of 1st period - Snap shot by Andrei Kostitsyn.
14:20 of 1st period - Deflect By Patrice Bergeron.
14:20 of 1st period - Stopped by Philipp Grubauer with a rebound.
14:34 of 1st period - Shayne Gostisbehere is hit by Rostislav Olesz and loses puck.
14:45 of 1st period - Slapshot by Shayne Gostisbehere.
14:45 of 1st period - Goal by Shayne Gostisbehere - Rangers : 0 - Lightning : 1.
14:46 of 1st period - Sean Couturier wins face-off versus Rickard Rakell in neutral zone.
14:59 of 1st period - Milan Lucic is hit by Jamie McBain.
15:11 of 1st period - Patrice Bergeron is hit by Henrik Zetterberg and loses puck.
15:44 of 1st period - Snap shot by Tomas Hertl.
15:44 of 1st period - Goal by Tomas Hertl - Rangers : 1 - Lightning : 1.
15:45 of 1st period - Sean Couturier wins face-off versus Mark Scheifele in neutral zone.
16:07 of 1st period - Minor Penalty to Milan Lucic for Roughing.
16:08 of 1st period - Maxime Sauvé wins face-off versus Mark Scheifele in Rangers zone.
16:13 of 1st period - Wrist shot by Mark Scheifele.
16:13 of 1st period - Shot Misses the Net.
16:15 of 1st period - Wrist shot by Mark Scheifele.
16:15 of 1st period - Goal by Mark Scheifele - Rangers : 1 - Lightning : 2.
16:16 of 1st period - Sean Couturier wins face-off versus Sam Gagner in neutral zone.
16:28 of 1st period - Minor Penalty to Justin Schultz for High sticking.
16:29 of 1st period - Mark Scheifele wins face-off versus Patrice Bergeron in Lightning zone.
16:37 of 1st period - Jamie McBain is hit by Ryan Strome and loses puck.
17:17 of 1st period - Jean-Gabriel Pageau is hit by Tomas Hertl and loses puck.
18:28 of 1st period - Penalty to Justin Schultz is over, Justin Schultz is back on ice.
18:51 of 1st period - Snap shot by Maxime Sauvé.
18:51 of 1st period - Shot Misses the Net.
18:57 of 1st period - Matt Delahey is hit by Chris Higgins and loses puck.
19:13 of 1st period - Devante Smith-Pelly is hit by Brock McGinn and loses puck.
19:31 of 1st period - Henrik Zetterberg is hit by Rostislav Olesz and loses puck.
Goals for this period are 1 for Rangers vs 2 for Lightning .
Shots for this period are 5 for Rangers vs 7 for Lightning .
2nd period
0:01 of 2nd period - Mark Scheifele wins face-off versus Sean Couturier in neutral zone.
0:25 of 2nd period - Minor Penalty to Andrei Kostitsyn for Hooking.
0:26 of 2nd period - Mark Scheifele wins face-off versus Maxime Sauvé in Rangers zone.
0:26 of 2nd period - Slapshot by Jamie McBain.
0:26 of 2nd period - Stopped by Frederik Andersen without a rebound.
0:26 of 2nd period - Minor Penalty to Rickard Rakell for Interference.
0:27 of 2nd period - Tomas Hertl wins face-off versus Mark Scheifele in Lightning zone.
1:00 of 2nd period - Dmitry Kulikov is hit by Mark Scheifele and loses puck.
1:12 of 2nd period - Off-side.
1:13 of 2nd period - Alexander Wennberg wins face-off versus Patrice Bergeron in neutral zone.
1:21 of 2nd period - Off-side.
1:22 of 2nd period - Mark Scheifele wins face-off versus Tomas Hertl in neutral zone.
1:25 of 2nd period - Wrist shot by Jamie McBain.
1:25 of 2nd period - Deflect By Cam Barker.
1:25 of 2nd period - Stopped by Frederik Andersen with a rebound.
1:33 of 2nd period - Slapshot by Mark Scheifele.
1:33 of 2nd period - Shot Misses the Net.
1:35 of 2nd period - Slapshot by Mark Scheifele.
1:35 of 2nd period - Stopped by Frederik Andersen with a rebound.
2:25 of 2nd period - Penalty to Andrei Kostitsyn is over, Andrei Kostitsyn is back on ice.
2:26 of 2nd period - Penalty to Rickard Rakell is over, Rickard Rakell is back on ice.
2:26 of 2nd period - Slapshot by Patrice Bergeron.
2:26 of 2nd period - Stopped by Philipp Grubauer with a rebound.
2:32 of 2nd period - Wrist shot by Milan Lucic.
2:32 of 2nd period - Stopped by Philipp Grubauer with a rebound.
2:34 of 2nd period - Wrist shot by Patrice Bergeron.
2:34 of 2nd period - Stopped by Philipp Grubauer with a rebound.
2:36 of 2nd period - Wrist shot by Patrice Bergeron.
2:36 of 2nd period - Shot Misses the Net.
2:38 of 2nd period - Snap shot by Patrice Bergeron.
2:38 of 2nd period - Shot Misses the Net.
2:40 of 2nd period - Slapshot by Dmitry Kulikov.
2:40 of 2nd period - Shot Misses the Net.
2:58 of 2nd period - Wrist shot by Mark Scheifele.
2:58 of 2nd period - Shot Misses the Net.
3:08 of 2nd period - Snap shot by Patrice Bergeron.
3:08 of 2nd period - Shot Blocked by Rickard Rakell.
3:10 of 2nd period - Snap shot by Patrice Bergeron.
3:10 of 2nd period - Deflect By Andrei Kostitsyn.
3:10 of 2nd period - Rangers goal is going for a video replay.
3:10 of 2nd period - The goal is refused. The puck has entered the net after making contact with an attacking player’s stick that is above the height of the crossbar..
3:11 of 2nd period - Tomas Hertl wins face-off versus Jean-Gabriel Pageau in Lightning zone.
3:42 of 2nd period - Snap shot by Chris Higgins.
3:42 of 2nd period - Shot Misses the Net.
3:48 of 2nd period - Snap shot by Rostislav Olesz.
3:48 of 2nd period - Stopped by Philipp Grubauer with a rebound.
3:50 of 2nd period - Backhand shot by Mark Fistric.
3:50 of 2nd period - Shot Misses the Net.
3:52 of 2nd period - Slapshot by Cam Barker.
3:52 of 2nd period - Shot Misses the Net.
3:54 of 2nd period - Snap shot by Rostislav Olesz.
3:54 of 2nd period - Stopped by Philipp Grubauer with a rebound.
3:56 of 2nd period - Slapshot by Cam Barker.
3:56 of 2nd period - Shot Misses the Net.
3:58 of 2nd period - Slapshot by Rostislav Olesz.
3:58 of 2nd period - Stopped by Philipp Grubauer without a rebound.
3:59 of 2nd period - Maxime Sauvé wins face-off versus Henrik Zetterberg in Lightning zone.
4:02 of 2nd period - Snap shot by Steve Quailer.
4:02 of 2nd period - Stopped by Philipp Grubauer with a rebound.
4:34 of 2nd period - Wrist shot by Patrik Nemeth.
4:34 of 2nd period - Shot Blocked by Jesper Fast.
5:07 of 2nd period - Luke Schenn is hit by Bobby Ryan.
7:19 of 2nd period - Slapshot by Niclas Bergfors.
7:19 of 2nd period - Goal by Niclas Bergfors - Rangers : 1 - Lightning : 3.
7:20 of 2nd period - Sean Couturier wins face-off versus Mark Scheifele in neutral zone.
7:53 of 2nd period - Icing by Cam Barker.
7:54 of 2nd period - Jean-Gabriel Pageau wins face-off versus Patrice Bergeron in Rangers zone.
7:57 of 2nd period - Snap shot by Niclas Bergfors.
7:57 of 2nd period - Shot Misses the Net.
8:06 of 2nd period - Off-side.
8:07 of 2nd period - Sean Couturier wins face-off versus Mark Scheifele in neutral zone.
8:07 of 2nd period - Sean Couturier is hit by Rickard Rakell.
8:23 of 2nd period - Snap shot by Sean Couturier.
8:23 of 2nd period - Shot Misses the Net.
8:25 of 2nd period - Minor Penalty to Jamie McBain for Boarding.
8:26 of 2nd period - Patrice Bergeron wins face-off versus Mark Scheifele in Lightning zone.
8:29 of 2nd period - Slapshot by Patrice Bergeron.
8:29 of 2nd period - Goal by Patrice Bergeron - Rangers : 2 - Lightning : 3.
8:30 of 2nd period - Mark Scheifele wins face-off versus Sean Couturier in neutral zone.
8:33 of 2nd period - Snap shot by Justin Schultz.
8:33 of 2nd period - Stopped by Frederik Andersen without a rebound.
8:34 of 2nd period - Mark Scheifele wins face-off versus Sean Couturier in Rangers zone.
8:39 of 2nd period - Snap shot by Rickard Rakell.
8:39 of 2nd period - Goal by Rickard Rakell - Rangers : 2 - Lightning : 4.
8:39 of 2nd period - Mike Condon enters game.
8:40 of 2nd period - Sean Couturier wins face-off versus Mark Scheifele in neutral zone.
8:53 of 2nd period - Wrist shot by Milan Lucic.
8:53 of 2nd period - Goal by Milan Lucic - Rangers : 3 - Lightning : 4.
8:54 of 2nd period - Mark Scheifele wins face-off versus Sean Couturier in neutral zone.
9:05 of 2nd period - Snap shot by Mark Scheifele.
9:05 of 2nd period - Shot Misses the Net.
9:07 of 2nd period - Backhand shot by Sam Gagner.
9:07 of 2nd period - Shot Misses the Net.
9:23 of 2nd period - Slapshot by Jamie McBain.
9:23 of 2nd period - Stopped by Mike Condon with a rebound.
9:25 of 2nd period - Slapshot by Jamie McBain.
9:25 of 2nd period - Stopped by Mike Condon without a rebound.
9:26 of 2nd period - Patrice Bergeron wins face-off versus Jean-Gabriel Pageau in Rangers zone.
9:26 of 2nd period - Patrice Bergeron is hit by Niclas Bergfors.
10:05 of 2nd period - Wrist shot by Jean-Gabriel Pageau.
10:05 of 2nd period - Shot Misses the Net.
10:15 of 2nd period - Wrist shot by Patrice Bergeron.
10:15 of 2nd period - Stopped by Philipp Grubauer without a rebound.
10:16 of 2nd period - Sean Couturier wins face-off versus Mark Scheifele in Lightning zone.
10:17 of 2nd period - Snap shot by Milan Lucic.
10:17 of 2nd period - Shot Misses the Net.
10:19 of 2nd period - Wrist shot by Milan Lucic.
10:19 of 2nd period - Shot Blocked by Rickard Rakell.
10:21 of 2nd period - Wrist shot by Sean Couturier.
10:21 of 2nd period - Goal by Sean Couturier - Rangers : 4 - Lightning : 4.
10:22 of 2nd period - Sean Couturier wins face-off versus Mark Scheifele in neutral zone.
10:32 of 2nd period - Minor Penalty to Mark Scheifele for Hooking.
10:33 of 2nd period - Patrice Bergeron wins face-off versus Bobby Ryan in Lightning zone.
10:48 of 2nd period - Wrist shot by Patrice Bergeron.
10:48 of 2nd period - Stopped by Philipp Grubauer with a rebound.
10:50 of 2nd period - Slapshot by Tomas Hertl.
10:50 of 2nd period - Shot Blocked by Jamie McBain.
12:32 of 2nd period - Penalty to Mark Scheifele is over, Mark Scheifele is back on ice.
13:07 of 2nd period - Patrik Nemeth is hit by Bobby Ryan and loses puck.
13:23 of 2nd period - Maxime Sauvé is hit by Jesper Fast and loses puck.
13:34 of 2nd period - Mark Fistric is hit by Alexander Wennberg and loses puck.
14:07 of 2nd period - Minor Penalty to Kyle Okposo for Hooking.
14:08 of 2nd period - Mark Scheifele wins face-off versus Maxime Sauvé in Rangers zone.
14:14 of 2nd period - Wrist shot by Jamie McBain.
14:14 of 2nd period - Shot Misses the Net.
14:32 of 2nd period - Patrik Nemeth is hit by Brock McGinn and loses puck.
15:39 of 2nd period - Niclas Bergfors is hit by Tomas Hertl and loses puck.
16:07 of 2nd period - Penalty to Kyle Okposo is over, Kyle Okposo is back on ice.
16:23 of 2nd period - Wrist shot by Stephen Weiss.
16:23 of 2nd period - Shot Blocked by Mark Fistric.
16:27 of 2nd period - Snap shot by Stephen Weiss.
16:27 of 2nd period - Shot Hit the Post.
17:08 of 2nd period - Wrist shot by Chris Higgins.
17:08 of 2nd period - Shot Misses the Net.
17:11 of 2nd period - Icing by Patrik Nemeth.
17:12 of 2nd period - Maxime Sauvé wins face-off versus Jean-Gabriel Pageau in Rangers zone.
17:12 of 2nd period - Maxime Sauvé is hit by Jean-Gabriel Pageau.
18:57 of 2nd period - Slapshot by Mark Scheifele.
18:57 of 2nd period - Stopped by Mike Condon without a rebound.
18:58 of 2nd period - Maxime Sauvé wins face-off versus Rickard Rakell in Rangers zone.
19:03 of 2nd period - Snap shot by Steve Quailer.
19:03 of 2nd period - Shot Blocked by Jon Merrill.
19:05 of 2nd period - Slapshot by Chris Bourque.
19:05 of 2nd period - Stopped by Philipp Grubauer without a rebound.
19:06 of 2nd period - Sean Couturier wins face-off versus Mark Scheifele in Lightning zone.
19:51 of 2nd period - Snap shot by Niclas Bergfors.
19:51 of 2nd period - Shot Blocked by Cam Barker.
19:53 of 2nd period - Slapshot by Jon Merrill.
19:53 of 2nd period - Stopped by Mike Condon without a rebound.
19:54 of 2nd period - Tomas Hertl wins face-off versus Jean-Gabriel Pageau in Rangers zone.
Goals for this period are 3 for Rangers vs 2 for Lightning .
Shots for this period are 14 for Rangers vs 10 for Lightning .
3rd period
0:01 of 3rd period - Sean Couturier wins face-off versus Mark Scheifele in neutral zone.
0:37 of 3rd period - Slapshot by Patrice Bergeron.
0:37 of 3rd period - Shot Misses the Net.
0:57 of 3rd period - Wrist shot by Jean-Gabriel Pageau.
0:57 of 3rd period - Shot Misses the Net.
0:59 of 3rd period - Slapshot by Jean-Gabriel Pageau.
0:59 of 3rd period - Shot Blocked by Devante Smith-Pelly.
1:01 of 3rd period - Snap shot by Niclas Bergfors.
1:01 of 3rd period - Stopped by Mike Condon without a rebound.
1:02 of 3rd period - Mark Scheifele wins face-off versus Sean Couturier in Rangers zone.
1:23 of 3rd period - Minor Penalty to Milan Lucic for Hooking.
1:24 of 3rd period - Mark Scheifele wins face-off versus Maxime Sauvé in Rangers zone.
1:31 of 3rd period - Slapshot by Rickard Rakell.
1:31 of 3rd period - Deflect By Cam Barker.
1:31 of 3rd period - Stopped by Mike Condon without a rebound.
1:32 of 3rd period - Mark Scheifele wins face-off versus Maxime Sauvé in Rangers zone.
2:09 of 3rd period - Slapshot by Jamie McBain.
2:09 of 3rd period - Stopped by Mike Condon with a rebound.
2:11 of 3rd period - Wrist shot by Mark Scheifele.
2:11 of 3rd period - Shot Misses the Net.
2:13 of 3rd period - Snap shot by Mark Scheifele.
2:13 of 3rd period - Stopped by Mike Condon without a rebound.
2:14 of 3rd period - Alexander Wennberg wins face-off versus Maxime Sauvé in Rangers zone.
2:15 of 3rd period - Slapshot by Niclas Bergfors.
2:15 of 3rd period - Shot Blocked by Mark Fistric.
3:09 of 3rd period - Jamie McBain is hit by Patrik Nemeth and loses puck.
3:23 of 3rd period - Penalty to Milan Lucic is over, Milan Lucic is back on ice.
3:51 of 3rd period - Steve Quailer is hit by Alexander Wennberg and loses puck.
3:56 of 3rd period - Wrist shot by Alexander Wennberg.
3:56 of 3rd period - Shot Misses the Net.
3:58 of 3rd period - Slapshot by Justin Schultz.
3:58 of 3rd period - Stopped by Mike Condon with a rebound.
4:00 of 3rd period - Wrist shot by Niclas Bergfors.
4:00 of 3rd period - Shot Misses the Net.
4:02 of 3rd period - Slapshot by Justin Schultz.
4:02 of 3rd period - Shot Misses the Net.
4:04 of 3rd period - Snap shot by Brock McGinn.
4:04 of 3rd period - Shot Blocked by Patrik Nemeth.
4:06 of 3rd period - Slapshot by Ben Lovejoy.
4:06 of 3rd period - Deflect By Alexander Wennberg.
4:06 of 3rd period - Shot Misses the Net.
4:06 of 3rd period - Puck is out of play.
4:07 of 3rd period - Mark Scheifele wins face-off versus Kyle Okposo in Rangers zone.
4:12 of 3rd period - Snap shot by Mark Scheifele.
4:12 of 3rd period - Stopped by Mike Condon without a rebound.
4:13 of 3rd period - Mark Scheifele wins face-off versus Patrice Bergeron in Rangers zone.
4:13 of 3rd period - Mark Scheifele is hit by Dmitry Kulikov.
4:15 of 3rd period - Backhand shot by Jamie McBain.
4:15 of 3rd period - Shot Blocked by Andrei Kostitsyn.
5:10 of 3rd period - Jon Merrill is hit by Kyle Okposo and loses puck.
5:33 of 3rd period - Backhand shot by Mark Fistric.
5:33 of 3rd period - Deflect By Rostislav Olesz.
5:33 of 3rd period - Stopped by Philipp Grubauer with a rebound.
5:35 of 3rd period - Slapshot by Cam Barker.
5:35 of 3rd period - Stopped by Philipp Grubauer with a rebound.
5:51 of 3rd period - Slapshot by Joni Pitkanen.
5:51 of 3rd period - Shot Misses the Net.
6:37 of 3rd period - Icing by Shayne Gostisbehere.
6:38 of 3rd period - Alexander Wennberg wins face-off versus Patrice Bergeron in Lightning zone.
7:03 of 3rd period - Sam Gagner is hit by Sean Couturier and loses puck.
7:18 of 3rd period - Justin Schultz is hit by Cam Barker.
7:34 of 3rd period - Justin Schultz is hit by Steve Quailer and loses puck.
7:53 of 3rd period - Snap shot by Alexander Wennberg.
7:53 of 3rd period - Stopped by Mike Condon without a rebound.
7:54 of 3rd period - Sean Couturier wins face-off versus Mark Scheifele in Rangers zone.
8:01 of 3rd period - Shayne Gostisbehere is hit by Sean Couturier and loses puck.
8:31 of 3rd period - Off-side.
8:32 of 3rd period - Sean Couturier wins face-off versus Jean-Gabriel Pageau in neutral zone.
8:34 of 3rd period - Mark Fistric is hit by Henrik Zetterberg.
8:43 of 3rd period - Icing by Cam Barker.
8:44 of 3rd period - Mark Scheifele wins face-off versus Sean Couturier in Rangers zone.
9:01 of 3rd period - Wrist shot by Sean Couturier.
9:01 of 3rd period - Shot Blocked by Jamie McBain.
9:07 of 3rd period - Justin Schultz is hit by Ryan Strome and loses puck.
9:24 of 3rd period - Wrist shot by Mark Scheifele.
9:24 of 3rd period - Stopped by Mike Condon with a rebound.
9:26 of 3rd period - Wrist shot by Mark Scheifele.
9:26 of 3rd period - Shot Blocked by Mark Fistric.
9:28 of 3rd period - Wrist shot by Sam Gagner.
9:28 of 3rd period - Shot Misses the Net.
9:34 of 3rd period - Slapshot by Mark Scheifele.
9:34 of 3rd period - Goal by Mark Scheifele - Rangers : 4 - Lightning : 5.
9:35 of 3rd period - Patrice Bergeron wins face-off versus Alexander Wennberg in neutral zone.
10:38 of 3rd period - Icing by Luke Schenn.
10:39 of 3rd period - Sean Couturier wins face-off versus Mark Scheifele in Rangers zone.
12:48 of 3rd period - Minor Penalty to Shayne Gostisbehere for Holding.
12:49 of 3rd period - Mark Scheifele wins face-off versus Ryan Strome in Lightning zone.
13:04 of 3rd period - Slapshot by Cam Barker.
13:04 of 3rd period - Shot Misses the Net.
13:06 of 3rd period - Slapshot by Tomas Hertl.
13:06 of 3rd period - Shot Misses the Net.
14:48 of 3rd period - Penalty to Shayne Gostisbehere is over, Shayne Gostisbehere is back on ice.
14:48 of 3rd period - Icing by Jon Merrill.
14:49 of 3rd period - Sean Couturier wins face-off versus Jean-Gabriel Pageau in Lightning zone.
14:56 of 3rd period - Slapshot by Chris Bourque.
14:56 of 3rd period - Shot Misses the Net.
15:08 of 3rd period - Slapshot by Jon Merrill.
15:08 of 3rd period - Shot Misses the Net.
15:48 of 3rd period - Ryan Strome is hit by Jamie McBain and loses puck.
16:10 of 3rd period - Snap shot by Tomas Hertl.
16:10 of 3rd period - Stopped by Philipp Grubauer with a rebound.
16:21 of 3rd period - Jon Merrill is hit by Tomas Hertl.
16:31 of 3rd period - Niclas Bergfors is hit by Maxime Sauvé and loses puck.
17:24 of 3rd period - Bobby Ryan is hit by Steve Quailer and loses puck.
17:35 of 3rd period - Matt Delahey is hit by Bobby Ryan and loses puck.
17:50 of 3rd period - Tomas Hertl is hit by Rickard Rakell.
18:39 of 3rd period - Snap shot by Tomas Hertl.
18:39 of 3rd period - Stopped by Philipp Grubauer with a rebound.
18:41 of 3rd period - Snap shot by Rostislav Olesz.
18:41 of 3rd period - Stopped by Philipp Grubauer with a rebound.
18:43 of 3rd period - Wrist shot by Tomas Hertl.
18:43 of 3rd period - Shot Misses the Net.
18:45 of 3rd period - Rangers, Mike Condon is pulled from the net.
18:45 of 3rd period - Slapshot by Cam Barker.
18:45 of 3rd period - Shot Misses the Net.
18:57 of 3rd period - Slapshot by Jon Merrill.
18:57 of 3rd period - Deflect By Henrik Zetterberg.
18:57 of 3rd period - Deflect By Milan Lucic.
18:57 of 3rd period - Shot Misses the Net.
18:57 of 3rd period - Puck is out of play.
18:58 of 3rd period - Michel Therrien call a timeout for Rangers.
18:58 of 3rd period - Mike Condon from Rangers was sent back in the game.
18:58 of 3rd period - Milan Lucic wins face-off versus Jean-Gabriel Pageau in Rangers zone.
19:07 of 3rd period - Rangers, Mike Condon is pulled from the net.
19:07 of 3rd period - Snap shot by Milan Lucic.
19:07 of 3rd period - Shot Misses the Net.
19:09 of 3rd period - Wrist shot by Patrice Bergeron.
19:09 of 3rd period - Shot Misses the Net.
19:11 of 3rd period - Snap shot by Sean Couturier.
19:11 of 3rd period - Shot Misses the Net.
19:25 of 3rd period - Jamie McBain is hit by Dmitry Kulikov and loses puck.
19:30 of 3rd period - Wrist shot by Patrice Bergeron.
19:30 of 3rd period - Stopped by Philipp Grubauer with a rebound.
19:32 of 3rd period - Slapshot by Luke Schenn.
19:32 of 3rd period - Shot Misses the Net.
19:34 of 3rd period - Wrist shot by Sean Couturier.
19:34 of 3rd period - Stopped by Philipp Grubauer with a rebound.
19:55 of 3rd period - Off-side.
19:56 of 3rd period - Milan Lucic wins face-off versus Jean-Gabriel Pageau in neutral zone.
Goals for this period are 0 for Rangers vs 1 for Lightning .
Shots for this period are 7 for Rangers vs 9 for Lightning .